AoeStats
← Shania Twain

Arabia

510258084Analyzed
1v1 RM · 6h ago on Sep 30, 2026· 41m 10s· 2 players
Game mode
Random Map
Map size
Tiny (2 player)
Population
200
Speed
Normal
Resources
Standard
Victory
Conquest
Starting age
Dark Age
Ending age
Imperial Age
RankedLock teamsTeams togetherTeam positionsShared explorationLock speedFull tech treeHidden civsTurbo modeCheats
Victory
Defeat
🇩🇪 Spanish · Germany
1601
+11
犯大吴疆土者盛必击而破之
5:55 Loom
5:59 Loom
9:16 Feudal Age
9:54 Double-Bit Axe
12:07 Bloodlines
12:21 Horse Collar
21:49 Castle Age
20:41 Stone Mining
21:50 Scale Mail Armor
23:02 Squires
23:04 Arson
24:33 Fletching
26:08 Gambesons
30:08 Herbal Medicine
39:12 Bodkin Arrow
Shania Twain
6:34 Loom
8:54 Feudal Age
9:07 Man-at-Arms
13:54 Double-Bit Axe
14:35 Arson
18:38 Wheelbarrow
21:51 Castle Age
19:50 Horse Collar
20:04 Stone Mining
20:33 Stone Mining
23:04 Horse Collar
24:14 Bow Saw
26:43 Hand Cart
34:33 Imperial Age
37:26 Devotion
37:33 Padded Archer Armor
37:55 Conscription
Connection lost

Rejoining the realm…

Still unreachable

The connection could not be restored.

Session expired

The server has moved on; the page needs a fresh start.